 Dungeon Crawl Stone Soup version 0.24-a0-584-g9d6b971ae4 (webtiles) character file.

Game seed: 16489100340331820645, levelgen mode: deterministic

16 Gynju the Covered (level 2, -4/24 HPs)
             Began as a Human Fighter on Aug 31, 2019.
             Slain by Terence
             ... wielding a +1 falchion of protection
              (5 damage)
             ... on level 2 of the Dungeon.
             The game lasted 00:02:19 (775 turns).

Gynju the Covered (Human Fighter)                    Turns: 775, Time: 00:02:20

Health: -4/24      AC:  3    Str: 16    XL:     2   Next: 70%
Magic:  2/2        EV:  9    Int:  8    God:
Gold:   35         SH:  8    Dex: 12    Spells: 1/1 levels left

rFire    + . .     SeeInvis .   a - +0 long sword
rCold    . . .     Gourm    .   c - +0 shield
rNeg     . . .     Faith    .   k - +1 robe {rF+}
rPois    .         Spirit   .   (no helmet)
rElec    .         Reflect  .   (no cloak)
rCorr    .         Harm     .   (no gloves)
MR       .....                  (no boots)
Stlth    +.........             (no amulet)
HPRegen  0.08/turn              (no ring)
MPRegen  0.08/turn              (no ring)

@: no status effects
A: no striking features
a: no special abilities


You were on level 2 of the Dungeon.
You were not hungry.

You visited 1 branch of the dungeon, and saw 2 of its levels.

You collected 35 gold pieces.

Inventory:

Hand Weapons
 a - a +0 long sword (weapon)
Armour
 b - a +0 scale mail
 c - a +0 shield (worn)
 k - a +1 robe of fire resistance (worn)
Jewellery
 e - an uncursed ring of see invisible {unknown}
 m - an uncursed ring of magical power {unknown}
 n - an uncursed amulet of the gourmand {unknown}
Scrolls
 i - a scroll of teleportation {unknown}
 j - a scroll of amnesia {unknown}
Potions
 d - 2 potions of might
 g - a potion of brilliance {unknown}
 h - a potion of flight {unknown}
Comestibles
 f - 3 rations


   Skills:
 + Level 3.1 Fighting
 * Level 2.4 Long Blades
 - Level 3.1 Armour
 + Level 0.2 Dodging
 + Level 3.1 Shields


You had one spell level left.
You didn't know any spells.
Your spell library was empty.

Dungeon Overview and Level Annotations

Branches:
Dungeon (2/15)

Altars:

Annotations:
D:2 Terence


Message History

Your shield prevents you from hitting the kobold.
The kobold hits you but does no damage.
You closely miss the kobold. The kobold hits you. The kobold barely misses you.
You closely miss the kobold. The kobold barely misses you.
You riposte.
You hit the kobold.
You kill the kobold!
You slash Terence!
Terence is severely wounded.
Terence hits you with a +1 falchion of protection.
* * * LOW HITPOINT WARNING * * *
You barely miss Terence.
Terence is severely wounded.
Terence hits you with a +1 falchion of protection.
* * * LOW HITPOINT WARNING * * *
Terence hits you with a +1 falchion of protection.
* * * LOW HITPOINT WARNING * * *
You closely miss Terence.
Terence is severely wounded.
Terence hits you with a +1 falchion of protection.
You die...

#...# #...#
#...#####
#.......#
#..)###.#
#....<#.#
#....##.#
#....##.######
#######.....@#
######@#
.......w)..#
....#......#
.. #......#
.>#...##
##.....$
#.......
##.....##


You could see Terence and a worm.

Vanquished Creatures
  A leopard gecko (D:1)
  A goblin (D:1)
  2 hobgoblins
  A kobold (D:2)
  2 ball pythons (D:1)
  4 bats (D:1)
  3 rats (D:1)
14 creatures vanquished.

Notes
Turn   | Place    | Note
-------+----------+-------------------------------------------
     0 | D:1      | Gynju the Human Fighter began the quest for the Orb.
     0 | D:1      | Reached XP level 1. HP: 18/18 MP: 1/1
   125 | D:1      | Reached XP level 2. HP: 16/24 MP: 2/2
   759 | D:2      | Noticed Terence
   774 | D:2      | HP: 1/24 [Terence/+1 falchion of protection (2)]
   775 | D:2      | Slain by Terence

Levels and vault maps discovered:
D:1:      matt_arrival_diagonals, layout_basic
D:2:      layout_basic, gammafunk_temple_overflow_wave, first_ration,
          uniq_robin, uniq_terence

Action                   || total
-------------------------++-------
Melee: Long sword        ||    56
Armor: Scale mail        ||    22
       Robe              ||     7
Dodge: Dodged            ||    27
Block: Shield            ||    28
       Rpst.: Long sword ||     7

Table legend:
 A = Non-vault XP
 B = Vault XP
 C = Vault XP percentage of total XP
 D = Non-vault monster count
 E = Vault monster count
 F = Vault count percentage of total count
                 A         B        C        D         E       F
            +---------+---------+-------+---------+---------+-------
      Total |      23 |       0 |   0.0 |      14 |       0 |   0.0
            +---------+---------+-------+---------+---------+-------
        D:1 |      19 |       0 |   0.0 |      12 |       0 |   0.0
        D:2 |       4 |       0 |   0.0 |       2 |       0 |   0.0
            +---------+---------+-------+---------+---------+-------
